 Dungeon Crawl Stone Soup version 0.30.0-2-g1aa4bd4387 (webtiles) character file.

Game seed: 714177012597734442

141 Acheron the Conjurer (level 5, -2/40 HPs)
             Began as a Ghoul Conjurer on May 7, 2023.
             Slain by an orc wizard
             ... wielding a +0 dagger
              (4 damage)
             ... on level 4 of the Dungeon.
             The game lasted 00:12:35 (2143 turns).

Acheron the Conjurer (Ghoul Conjurer)               Turns: 2143, Time: 00:12:36

Health: -2/40      AC:  5    Str: 11    XL:     5   Next: 24%
Magic:  5/7        EV: 12    Int: 13    God:
Gold:   34         SH:  0    Dex:  9    Spells: 5/8 levels left

rFire   . . .        e - +1 short sword (protect)
rCold   + . .        (no shield)
rNeg    + + +        a - +0 robe
rPois   ∞            d - +2 helmet
rElec   .            (no cloak)
rCorr   .            (no gloves)
SInv    .            (no boots)
Will    .....        (no amulet)
Stlth   +            (no ring)
HPRegen 0.00/turn    (no ring)
MPRegen 0.10/turn

%: no passive effects
@: confused, inhibited regen
A: claws 1, cold resistance 1, negative energy resistance 3, inhibited
regeneration, torment resistance 2, devour on kill
a: no special abilities


You were on level 4 of the Dungeon.
You visited 1 branch of the dungeon, and saw 5 of its levels.

You collected 58 gold pieces.
You spent 24 gold pieces at shops.

Inventory:

Hand Weapons
 e - a +1 short sword of protection (weapon)
 j - a +0 short sword of flaming
Armour
 a - a +0 robe (worn)
 c - a +0 leather armour
 d - a +2 helmet (worn)
Jewellery
 g - a ring of protection from fire
Potions
 b - a potion of magic
 i - 2 potions of curing
 k - 2 potions of brilliance {unknown}


   Skills:
 * Level 1.4 Fighting
 * Level 1.4 Short Blades
 * Level 2.5 Dodging
 * Level 3.1 Stealth
 * Level 1.5 Unarmed Combat
 * Level 2.3 Spellcasting
 + Level 3.5 Conjurations


You had 5 spell levels left.
You knew the following spells:

 Your Spells              Type           Power      Damage    Failure   Level
a - Magic Dart            Conj           40%        1d5       6%          1
b - Searing Ray           Conj           20%        2d5       9%          2

Your spell library contained the following spells:

 Spells                   Type           Power      Damage    Failure   Level
 Dazzling Flash           Conj/Hex       12%        N/A       34%         3
 Call Canine Familiar     Summ           1%         N/A       58%         3
 Portal Projectile        Hex/Tloc       2%         N/A       58%         3
 Fulminant Prism          Conj/Hex       3%         3d5       75%         4
 Iskenderun's Mystic Bla  Conj/Tloc      6%         2d4       75%         4
 Leda's Liquefaction      Hex/Erth       0%         N/A       94%         4


Dungeon Overview and Level Annotations

Branches:
Dungeon (5/15)
 Temple: D:4-7

Altars:

Shops:
D:3 ?

Annotations:
D:2 exclusion: downstairs


Innate Abilities, Weirdness & Mutations

You are immune to poison.
You have sharp fingernails.
Your flesh is cold resistant. (rC+)
You are immune to negative energy. (rN+++)
You do not regenerate when monsters are visible.
You are immune to unholy pain and torment.
You thrive by killing the living.


Message History

You hit the orc wizard.
The orc wizard is heavily wounded.
The orc wizard barely misses you.
The orc priest hits you with a +0 falchion.
* * * LOW HITPOINT WARNING * * *
You closely miss the orc wizard.
The orc wizard is heavily wounded.
The orc priest looks braver for a moment.
The orc wizard gestures wildly while chanting.
The orc wizard flickers and vanishes!
Deactivating autopickup; reactivate with Ctrl-A.
You hit something.
The orc priest hits you but does no damage.
You hear some strange, mumbled words.
You are confused.
You barely miss something. Something hits you.
* * * LOW HITPOINT WARNING * * *
The orc priest casts a cantrip, but nothing happens.
You feel much better.
The orc priest hits you with a +0 falchion!
You hear some strange, mumbled words.
You are more confused.
The orc priest barely misses you.
You're too confused to move!
The orc priest hits you with a +0 falchion!
You hear some strange, mumbled words.
Something tries to affect you, but you resist.
You closely miss something. The orc priest barely misses you.
Something hits you but does no damage.
You're too confused to move!
The orc priest barely misses you. Something hits you.
* * * LOW HITPOINT WARNING * * *
The orc priest attacks as you move away!
The orc priest hits you with a +0 falchion.
* * * LOW HITPOINT WARNING * * *
You're too confused to move!
The orc priest hits you with a +0 falchion.
* * * LOW HITPOINT WARNING * * *
Something hits you.
You die...

#...## ###..## #...#
#...## ### #....##
###..
##....###########....
#.................##
#................##
#.{@....##########
##.o...### ##).....#
#.))....# #####...#
#...# #...# #...##
#....#


You could see an orc priest.

Vanquished Creatures
  A wight (D:2)
  3 adders (D:2)
  A dart slug (D:1)
  3 orcs (D:4)
  4 endoplasms
  4 giant cockroaches
  5 hobgoblins
  10 jackals (D:1)
  4 kobolds
  3 ball pythons
  5 bats
  2 frilled lizards
  3 goblins
  7 rats
55 creatures vanquished.

Notes
Turn   | Place    | Note
-------+----------+-------------------------------------------
     0 | D:1      | Acheron the Ghoul Conjurer began the quest for the Orb.
     0 | D:1      | Reached XP level 1. HP: 14/14 MP: 2/2
   116 | D:1      | Reached XP level 2. HP: 8/20 MP: 0/3
   474 | D:1      | Reached XP level 3. HP: 27/27 MP: 5/5
  1100 | D:2      | Reached skill level 1 in Fighting
  1372 | D:2      | Reached skill level 1 in Short Blades
  1372 | D:2      | Reached skill level 1 in Unarmed Combat
  1372 | D:2      | Reached XP level 4. HP: 31/35 MP: 4/6
  1486 | D:2      | Learned a level 2 spell: Searing Ray
  1723 | D:3      | Found Faisuu's Magic Scroll Emporium.
  1733 | D:3      | Bought a scroll of identify for 24 gold pieces
  1761 | D:2      | Reached XP level 5. HP: 38/40 MP: 1/7
  1944 | D:5      | Entered Level 5 of the Dungeon
  2143 | D:4      | HP: 2/40 [orc priest/+0 falchion (3)]
  2143 | D:4      | Slain by an orc wizard

Illustrated notes

Levels and vault maps discovered:
D:1:      minmay_arrival_split_and_join, layout_rooms
D:2:      layout_loops_ring
D:3:      layout_rooms, serial_shops, shop, item_on_display_a, uniq_ijyb
D:4:      layout_layer_cave, minmay_temple_entry_hall, uniq_duvessa
D:5:      minmay_bubble_buster, layout_cave_pools,
          chequers_temple_overflow_minitemple

Skill      XL: |  1  2  3  4 |
---------------+-------------+-----
Spellcasting   | 2 |  2.3
Dodging        | 2 |  2.5
Fighting       | 1 |  1.4
Short Blades   | 1 |  1.4
Unarmed Combat | 1 |  1.5
Stealth        | 3 |  3.1
Conjurations   | |  3.5

Action                     |  1- 3 |  4- 6 || total
---------------------------+-------+-------++-------
  Melee: Unarmed           |    26 |       ||    26
         Short sword       |   174 |    77 ||   251
         Punch             |     1 |       ||     1
   Cast: Magic Dart        |    26 |    16 ||    42
         Searing Ray       |       |     5 ||     5
    Use: Scroll            |     4 |     2 ||     6
         Potion            |       |     2 ||     2
   Stab: Sleeping          |     2 |     4 ||     6
 Armour: Robe              |    76 |    51 ||   127
  Dodge: Dodged            |   146 |    54 ||   200
